 Dungeon Crawl Stone Soup version 0.26.1-11-gd32895ea62 (webtiles) character file.

Game seed: 7508539345562304440

63 Arsuriii the Sneak (level 3, -3/18 HPs)
             Began as a Spriggan Brigand on Apr 17, 2021.
             Was a Follower of Cheibriados.
             Slain by an ice beast (13 damage)
             ... on level 3 of the Dungeon.
             The game lasted 00:10:18 (1602 turns).

Arsuriii the Sneak (Spriggan Brigand)               Turns: 1602, Time: 00:10:19

Health: -3/18      AC:  3    Str: 10    XL:     3   Next: 89%
Magic:  4/4        EV: 18    Int: 21    God:    Cheibriados [*.....]
Gold:   87         SH:  0    Dex: 21    Spells: 2/2 levels left

rFire    . . .     SeeInvis +   a - +2 dagger
rCold    . . .     Faith    +   (shield restricted)
rNeg     . . .     Spirit   .   b - +0 robe
rPois    .         Reflect  .   (helmet restricted)
rElec    .         Harm     .   c - +0 cloak
rCorr    .         Rampage  .   (gloves unavailable)
Will     .....                  (boots unavailable)
Stlth    ++++......             f - amulet of faith
HPRegen  0.06/turn              h - +6 ring of intelligence
MPRegen  0.09/turn              (no ring)

@: no status effects
A: very small, unfitting armour, see invisible, speed 3
a: Renounce Religion, Bend Time


You were on level 3 of the Dungeon.
You worshipped Cheibriados.
Cheibriados was aware of your devotion.
You visited 1 branch of the dungeon, and saw 3 of its levels.

You collected 87 gold pieces.

Inventory:

Hand Weapons
 a - a +2 dagger (weapon)
Missiles
 d - 8 poisoned darts (quivered)
 e - 2 curare-tipped darts
Armour
 b - a +0 robe (worn)
 c - a +0 cloak (worn)
 q - a +0 pair of boots
Jewellery
 f - an amulet of faith (around neck)
 h - a +6 ring of intelligence (left hand)
Scrolls
 g - 2 scrolls of magic mapping {unknown}
 i - a scroll of fog {unknown}
 j - a scroll of enchant armour {unknown}
 m - a scroll of amnesia {unknown}
 o - a scroll of teleportation {unknown}
 p - 2 scrolls of identify {unknown}
Potions
 k - a potion of curing {unknown}
 l - a potion of lignification {unknown}
 n - a potion of berserk rage {unknown}


   Skills:
 + Level 1.9 Fighting
 + Level 2.8 Short Blades
 + Level 2.2 Throwing
 + Level 2.1 Dodging
 + Level 7.2 Stealth


You had 2 spell levels left.
You didn't know any spells.
Your spell library was empty.

Dungeon Overview and Level Annotations

Branches:
Dungeon (3/15)

Altars:
Cheibriados
Ru


Innate Abilities, Weirdness & Mutations

You are very small and have problems with some larger weapons.
You are too small for most types of armour.
You have supernaturally acute eyesight. (SInv)
You cover ground extremely quickly.


Message History

The leopard gecko completely misses you.
The leopard gecko bites you.
You closely miss the leopard gecko.
The leopard gecko is almost dead.
The leopard gecko completely misses you.
You barely miss the leopard gecko.
The leopard gecko is almost dead.
The leopard gecko bites you but does no damage.
You barely miss the leopard gecko.
The leopard gecko is almost dead.
The leopard gecko closely misses you.
You hit the leopard gecko.
You kill the leopard gecko!
Cheibriados appreciates the change of pace.
An ice beast comes into view.
You see here 8 gold pieces.
You see here 8 gold pieces.
The ice beast hits you. The ice beast freezes you!
Ouch! That really hurt!
You die...

#. #. #. #. .# # #.#####.#
#.#.......## #...........
####Y#.##### #@#.# #.#.#
#########...#
)........##.# ###
########.##.############..
##.##.##........##.#
#).....#.######.##.#
#.#................#
#......#.###.<......


You could see an ice beast.

Vanquished Creatures
  2 adders (D:2)
  3 leopard geckos
  2 giant cockroaches (D:1)
  3 goblins (D:1)
  8 hobgoblins
  4 jackals (D:1)
  2 ball pythons
  5 bats
  3 frilled lizards (D:1)
  6 kobolds
  3 rats (D:1)
41 creatures vanquished.

Notes
Turn   | Place    | Note
-------+----------+-------------------------------------------
     0 | D:1      | Arsuriii the Spriggan Brigand began the quest for the Orb.
     0 | D:1      | Reached XP level 1. HP: 10/10 MP: 2/2
   172 | D:1      | Reached skill level 6 in Stealth
   303 | D:1      | Reached XP level 2. HP: 5/14 MP: 3/3
   583 | D:1      | Reached XP level 3. HP: 10/18 MP: 4/4
   768 | D:2      | Found a sacrificial altar of Ru.
   793 | D:2      | Found a faded altar of an unknown god.
   805 | D:2      | Became a worshipper of Cheibriados the Contemplative
   805 | D:2      | Reached * piety under Cheibriados
  1392 | D:2      | Reached skill level 7 in Stealth
  1594 | D:3      | Noticed an ice beast
  1602 | D:3      | Slain by an ice beast

Illustrated notes

Levels and vault maps discovered:
D:1:      minmay_arrival_split_and_join, layout_basic
D:2:      layout_loops_ring, overflow_temple_1_default,
          chequers_ecumenical_altar_island, hex_tiny
D:3:      layout_loops_ring, lemuel_round_altar

Skill      XL: |  1  2  3 |
---------------+----------+-----
Stealth        | 6 7 |  7.2
Dodging        | 2 |  2.1
Fighting       | |  1.9
Short Blades   | |  2.8
Throwing       | |  2.2

Action                   || total
-------------------------++-------
Melee: Dagger            ||   164
 Stab: Sleeping          ||     4
       Distracted        ||     1
Armor: Robe              ||    21
Dodge: Dodged            ||   123
